 Dungeon Sprint DCSS version 0.15-a0-1689-gfa11693 (webtiles) character file.

12800000 Crauler the Champion of Chaos (level 27, -25/298 HPs)
             Began as a Deep Dwarf Warper on June 25, 2014.
             Was the Champion of Makhleb.
             Annihilated by a reaper
             ... wielding a +6 scythe of distortion
             ... summoned by an indirect mummy death curse
              (46 damage)
             ... in the Dungeon (Sprint VIII: "Arena of Blood").
             The game lasted 00:11:58 (128 turns).

Crauler the Champion of Chaos (Deep Dwarf Warper)    Turns: 128, Time: 00:11:58

HP -25/298       AC  6     Str 17      XL: 27
MP  32/49        EV 36     Int 16      God: Makhleb [******]
Gold 0           SH  0     Dex 21      Spells:  1 memorised, 79 levels left

rFire  . . .     SeeInvis +     m - +∞ Axe of Woe
rCold  . . .     Clarity  .     b - +0 leather armour
rNeg   + . .     rCorr    .     (no shield)
rPois  .         rRot     .     (no helmet)
rElec  .         Spirit   .     (no cloak)
SustAb .         Warding  .     (no gloves)
rMut   .         NoTele   +     (no boots)
Gourm  .                        (no amulet)
MR     ++++.                    (no ring)
                                n - ring of see invisible

@: lethally poisoned, non-regenerating, incredibly resistant to hostile
enchantments, incredibly stealthy
A: damage resistance, recharge devices, life protection 1, sense surroundings 3,
slow healing 3
a: Device Recharging, Minor Destruction, Lesser Servant of Makhleb, Major
Destruction, Greater Servant of Makhleb, Renounce Religion


You were in the Dungeon.
You worshipped Makhleb.
Makhleb was exalted by your worship.
You were not hungry.

You visited 1 branch

Inventory:

Hand weapons
 a - a +0 hand axe
 m - the +∞ Axe of Woe (weapon)
   (You found it in the Dungeon)
Missiles
 e - 5 tomahawks (quivered)
Armour
 b - a +0 leather armour (worn)
Magical devices
 f - a wand of heal wounds (5)
Comestibles
 g - a bread ration
Scrolls
 d - 2 scrolls of blinking
Jewellery
 n - a ring of see invisible (left hand)
Potions
 h - a potion of curing
 i - a potion of heal wounds
 j - a potion of haste
 k - 2 potions of magic
 l - a potion of berserk rage
Books
 c - a book of Spatial Translocations

   Spells                             Type                      Level
   *Apportation                       Translocation                1
   Blink                              Translocation                2
   Shroud of Golubria                 Charms/Translocation         2
   Portal Projectile                  Translocation                3
   Teleport Other                     Translocation                3
   Passage of Golubria                Translocation                4


   Skills:
 O Level 27 Fighting
 O Level 27 Axes
 O Level 27 Throwing
 O Level 27 Armour
 O Level 27 Dodging
 O Level 27 Stealth
 O Level 27 Unarmed Combat
 O Level 27 Spellcasting
 O Level 27 Translocations
 O Level 27 Invocations
 O Level 27 Evocations


You had 79 spell levels left.
You knew the following spells:

 Your Spells              Type           Power        Failure   Level  Hunger
a - Apportation           Tloc           #######...   0%          1    None


Dungeon Overview and Level Annotations

Branches:
Dungeon (1/1)

Altars:
Makhleb

Annotations:
D The Defiler


Innate Abilities, Weirdness & Mutations

You are resistant to damage.
You can recharge devices by infusing magical energy.
You resist negative energy.
You passively map a large area around you.
You do not heal naturally.


Message History

Space bends around you.
You hear a shout! x4
A fleshlord comes into view. It is wielding a +9 great mace.
Really walk into that cloud of poison gas?
You are engulfed in poison gas.
You are more poisoned.
* * * LOW HITPOINT WARNING * * *
You feel very sick.
You hear a shout! x9
A scourge comes into view.
* * * LOW HITPOINT WARNING * * *
You feel very sick.
You hear a shout! x11
An observer comes into view.
* * * LOW HITPOINT WARNING * * *
You feel very sick.
You hear a shout! x4
The reaper draws a finger across its throat.
The reaper hits you from afar with a scythe of distortion!!!
You die...

#################
####...............##
####....§.%.S...........
*##.....§§.§%##.##.#####..
*
........@....)...%.).....
* ,
G....####.2..%##.##))....
. #.......).).))...%... ,
, ....#...G...Wp)#.#......
, #...G.p...%).......# , *
WG#..........)))..... * ,
*,z...@#.........))).....
, , oM..G...%..%.%))))....
, , *
oo.....%.....))......


You could see a reaper, 3 observers, a scourge, 2 fleshlords and a dread.

Vanquished Creatures
  Sigmund (D)
  3 great orbs of eyes (D)
  A greater mummy (D)
  8 hell beasts (D)
  7 hill giants (D)
  2 hydras (D)
  5 liches (D)
  21 ogres (D)
  44 orcs (D)
  4 phantoms (D)
  7 skeletal warriors (D)
  9 vampire knights (D)
  3 wraiths (D)
  3 sea snakes (D)
  8 large abominations (D)
  2 tentacled monstrosities (D)
  2 small abominations (D)
  9 crawling corpses (D)
139 creatures vanquished.

Vanquished Creatures (others)
  A large abomination (D)
  7 crawling corpses (D)
8 creatures vanquished.

Grand Total: 147 creatures vanquished

Notes
Turn   | Place    | Note
--------------------------------------------------------------
     0 | D        | Crauler, the Deep Dwarf Warper, began the quest for the Orb.
     0 | D        | Reached XP level 1. HP: 19/19 MP: 2/2
     3 | D        | Noticed a bag of meat
     3 | D        | Noticed a bag of meat
     4 | D        | Became a worshipper of Makhleb the Destroyer
     5 | D        | Noticed a bag of meat
     6 | D        | Noticed a bag of meat
     6 | D        | Noticed a bag of meat
     7 | D        | Noticed a bag of meat
     7 | D        | Noticed a bag of meat
     7 | D        | Killed a bag of meat
     7 | D        | Reached skill level 9 in Fighting
     7 | D        | Reached skill level 11 in Axes
     7 | D        | Reached skill level 12 in Stealth
     7 | D        | Reached XP level 2. HP: 24/42 MP: 2/13
     7 | D        | Reached XP level 3. HP: 28/49 MP: 2/16
     7 | D        | Reached XP level 4. HP: 32/56 MP: 2/18
     7 | D        | Reached XP level 5. HP: 36/63 MP: 2/20
     7 | D        | Reached XP level 6. HP: 41/72 MP: 2/22
     7 | D        | Reached XP level 7. HP: 44/78 MP: 2/23
     7 | D        | Reached XP level 8. HP: 48/86 MP: 2/25
     7 | D        | Gained mutation: You passively map the area around you. [level up]
     7 | D        | Reached XP level 9. HP: 51/93 MP: 2/26
     7 | D        | Reached XP level 10. HP: 54/100 MP: 2/27
     7 | D        | Reached XP level 11. HP: 58/108 MP: 2/28
     9 | D        | Noticed a bag of meat
     9 | D        | Killed a bag of meat
     9 | D        | Acquired Makhleb's first power
     9 | D        | Reached skill level 14 in Stealth
     9 | D        | Reached skill level 10 in Spellcasting
     9 | D        | Reached XP level 12. HP: 62/120 MP: 2/30
    10 | D        | Killed a bag of meat
    10 | D        | Reached skill level 15 in Stealth
    10 | D        | Reached skill level 15 in Invocations
    10 | D        | Reached XP level 13. HP: 65/129 MP: 2/32
    10 | D        | Killed a bag of meat
    10 | D        | Reached skill level 16 in Stealth
    10 | D        | Reached skill level 15 in Translocations
    10 | D        | Reached skill level 17 in Invocations
    11 | D        | Killed a bag of meat
    11 | D        | Acquired Makhleb's second power
    11 | D        | Reached skill level 15 in Axes
    11 | D        | Reached skill level 15 in Armour
    11 | D        | Reached skill level 15 in Dodging
    11 | D        | Gained mutation: You resist negative energy. [level up]
    11 | D        | Reached XP level 14. HP: 127/141 MP: 3/34
    12 | D        | Noticed a meat berserker
    12 | D        | Killed a bag of meat
    12 | D        | Reached skill level 18 in Stealth
    13 | D        | Noticed a meat berserker
    13 | D        | Noticed a bag of meat
    13 | D        | Noticed a meat berserker
    14 | D        | Killed a bag of meat
    14 | D        | Reached skill level 19 in Stealth
    14 | D        | Reached XP level 15. HP: 150/152 MP: 4/35
    15 | D        | Noticed a meat berserker
    15 | D        | Noticed a large bag of meat
    15 | D        | Noticed a meat berserker
    15 | D        | Killed a meat berserker
    15 | D        | Acquired Makhleb's third power
    15 | D        | Reached skill level 15 in Fighting
    15 | D        | Killed a meat berserker
    15 | D        | Reached skill level 20 in Stealth
    16 | D        | Noticed a bag of meat
    16 | D        | Noticed a meat berserker
    17 | D        | Noticed a bag of meat
    17 | D        | Noticed a meat berserker
    17 | D        | Killed a meat berserker
    17 | D        | Reached skill level 21 in Stealth
    18 | D        | Noticed a bag of meat
    18 | D        | Killed a bag of meat
    18 | D        | Acquired Makhleb's fourth power
    18 | D        | Reached skill level 15 in Spellcasting
    18 | D        | Reached XP level 16. HP: 161/166 MP: 5/37
    19 | D        | Killed a meat berserker
    19 | D        | Reached skill level 22 in Stealth
    19 | D        | Killed a meat berserker
    20 | D        | Noticed a bag of meat
    20 | D        | Killed a large bag of meat
    20 | D        | Acquired Makhleb's fifth power
    20 | D        | Reached skill level 23 in Stealth
    21 | D        | Killed a meat berserker
    21 | D        | Reached XP level 17. HP: 176/178 MP: 5/39
    21 | D        | Killed a meat berserker
    21 | D        | Reached skill level 24 in Stealth
    22 | D        | Noticed a bag of meat
    22 | D        | Noticed a bag of meat
    22 | D        | Noticed a large bag of meat
    23 | D        | Noticed a large bag of meat
    23 | D        | Killed a bag of meat
    23 | D        | Killed a bag of meat
    23 | D        | Reached skill level 25 in Stealth
    24 | D        | Noticed a large bag of meat
    24 | D        | Noticed a meat berserker
    25 | D        | Killed a bag of meat
    27 | D        | Noticed a bag of meat
    28 | D        | Noticed a bag of meat
    28 | D        | Noticed a bag of meat
    28 | D        | Killed a meat berserker
    28 | D        | Gained mutation: You passively map a large area around you. [level up]
    28 | D        | Reached XP level 18. HP: 149/194 MP: 7/41
    28 | D        | Killed a large bag of meat
    28 | D        | Reached skill level 26 in Stealth
    28 | D        | Killed a bag of meat
    29 | D        | Killed a large bag of meat
    30 | D        | Noticed a bag of meat
    30 | D        | Noticed a destroyer
    30 | D        | Noticed a destroyer
    31 | D        | Killed a destroyer
    31 | D        | Reached skill level 27 in Stealth
    31 | D        | Reached skill level 27 in Invocations
    32 | D        | Noticed a bag of meat
    32 | D        | Noticed a destroyer
    32 | D        | Noticed a sculptor of flesh
    32 | D        | Killed a destroyer
    33 | D        | Noticed a bag of meat
    33 | D        | Killed a bag of meat
    33 | D        | Reached XP level 19. HP: 206/208 MP: 8/42
    33 | D        | Killed a bag of meat
    34 | D        | Noticed a meat berserker
    34 | D        | Noticed a bag of meat
    34 | D        | Noticed a bag of meat
    34 | D        | Noticed a bag of meat
    34 | D        | Noticed a meat berserker
    35 | D        | Noticed a bag of meat
    35 | D        | Noticed a destroyer
    35 | D        | Killed a bag of meat
    35 | D        | Killed a bag of meat
    36 | D        | Noticed a bag of meat
    36 | D        | Noticed a bag of meat
    37 | D        | Noticed a sculptor of flesh
    37 | D        | Killed a sculptor of flesh
    37 | D        | Killed a destroyer
    37 | D        | Killed a meat berserker
    37 | D        | Reached skill level 27 in Axes
    37 | D        | Reached skill level 27 in Armour
    37 | D        | Reached skill level 27 in Dodging
    37 | D        | Reached skill level 27 in Translocations
    38 | D        | Noticed a bag of meat
    38 | D        | Killed a bag of meat
    38 | D        | Reached XP level 20. HP: 225/228 MP: 10/44
    38 | D        | Killed a meat berserker
    39 | D        | Noticed a bag of meat
    39 | D        | Noticed a meat berserker
    39 | D        | Noticed a destroyer
    39 | D        | Noticed a bag of meat
    39 | D        | Noticed a bag of meat
    40 | D        | Noticed a sculptor of flesh
    40 | D        | Killed a bag of meat
    40 | D        | Killed a bag of meat
    40 | D        | Reached skill level 27 in Fighting
    41 | D        | Noticed a destroyer
    41 | D        | Noticed a sculptor of flesh
    42 | D        | Noticed a large bag of meat
    42 | D        | Noticed a sculptor of flesh
    42 | D        | Killed a bag of meat
    42 | D        | Reached skill level 27 in Spellcasting
    42 | D        | Reached skill level 1 in Unarmed Combat
    42 | D        | Killed a bag of meat
    42 | D        | Reached skill level 10 in Evocations
    42 | D        | Killed a bag of meat
    44 | D        | Noticed a bag of meat
    44 | D        | Killed a destroyer
    44 | D        | Reached XP level 21. HP: 244/244 MP: 11/47
    44 | D        | Killed a bag of meat
    44 | D        | Killed a bag of meat
    45 | D        | Noticed a bag of meat
    45 | D        | Noticed a meat berserker
    45 | D        | Killed a destroyer
    45 | D        | Killed a bag of meat
    46 | D        | Noticed a bag of meat
    46 | D        | Killed a sculptor of flesh
    46 | D        | Killed a large bag of meat
    47 | D        | Reached skill level 27 in Evocations
    48 | D        | Noticed a bag of meat
    48 | D        | Killed a sculptor of flesh
    48 | D        | Killed a sculptor of flesh
    48 | D        | Reached XP level 22. HP: 254/254 MP: 12/47
    49 | D        | Noticed a bag of meat
    49 | D        | Noticed a bag of meat
    49 | D        | Noticed a destroyer
    49 | D        | Noticed a sculptor of flesh
    49 | D        | Noticed a bag of meat
    49 | D        | Noticed a large bag of meat
    50 | D        | Killed a bag of meat
    50 | D        | Killed a destroyer
    50 | D        | Killed a meat berserker
    50 | D        | Killed a large bag of meat
    50 | D        | Killed a meat berserker
    51 | D        | Noticed a bag of meat
    52 | D        | Noticed a sculptor of flesh
    52 | D        | Killed a bag of meat
    52 | D        | Killed a bag of meat
    52 | D        | Reached skill level 27 in Throwing
    52 | D        | Reached skill level 27 in Unarmed Combat
    52 | D        | Killed a bag of meat
    53 | D        | Noticed a tyrant
    53 | D        | Noticed a bag of meat
    54 | D        | Noticed a meat berserker
    54 | D        | Noticed a meat berserker
    54 | D        | Killed a bag of meat
    54 | D        | Killed a bag of meat
    54 | D        | Reached XP level 23. HP: 262/262 MP: 14/48
    54 | D        | Killed a bag of meat
    55 | D        | Killed a bag of meat
    55 | D        | Killed a sculptor of flesh
    55 | D        | Killed a large bag of meat
    56 | D        | Killed a bag of meat
    56 | D        | Killed a meat berserker
    57 | D        | Noticed a tyrant
    57 | D        | Killed a bag of meat
    57 | D        | Killed a sculptor of flesh
    57 | D        | Killed a destroyer
    57 | D        | Killed a bag of meat
    57 | D        | Reached XP level 24. HP: 272/272 MP: 14/48
    58 | D        | Noticed a meat berserker
    59 | D        | Noticed a bag of meat
    59 | D        | Killed a sculptor of flesh
    59 | D        | Killed a bag of meat
    59 | D        | Killed a bag of meat
    60 | D        | Noticed a bag of meat
    60 | D        | Killed a meat berserker
    63 | D        | Killed a bag of meat
    64 | D        | Noticed a meat beast
    65 | D        | Noticed a bag of meat
    65 | D        | Noticed a destroyer
    65 | D        | Noticed a large bag of meat
    66 | D        | Noticed a tyrant
    66 | D        | Killed a meat berserker
    67 | D        | Noticed a tyrant
    67 | D        | Noticed The Captor
    67 | D        | Killed a tyrant
    68 | D        | Noticed a meat beast
    68 | D        | Killed a meat beast
    69 | D        | Noticed a meat berserker
    69 | D        | Noticed a dread
    69 | D        | Killed a destroyer
    70 | D        | Noticed a bag of meat
    71 | D        | Killed a bag of meat
    71 | D        | Killed a meat beast
    71 | D        | Reached XP level 25. HP: 275/280 MP: 18/49
    72 | D        | Noticed a meat berserker
    72 | D        | Killed a tyrant
    73 | D        | Killed a bag of meat
    74 | D        | Killed a large bag of meat
    74 | D        | Killed a dread
    74 | D        | Killed The Captor
    75 | D        | Noticed a meat berserker
    75 | D        | Noticed a meat berserker
    75 | D        | Killed a meat berserker
    77 | D        | Noticed a meat beast
    77 | D        | Killed a tyrant
    78 | D        | Noticed a meat beast
    78 | D        | Noticed a meat beast
    78 | D        | Killed a tyrant
    79 | D        | Killed a bag of meat
    79 | D        | Killed a meat berserker
    80 | D        | Noticed a dread
    81 | D        | Noticed a meat beast
    81 | D        | Killed a meat beast
    81 | D        | Reached XP level 26. HP: 290/290 MP: 20/49
    81 | D        | Killed a meat beast
    83 | D        | Noticed a meat beast
    83 | D        | Killed a meat beast
    83 | D        | Killed a meat berserker
    85 | D        | Noticed a meat beast
    85 | D        | Killed a meat beast
    86 | D        | Killed a meat beast
    87 | D        | Noticed a meat berserker
    87 | D        | Killed a meat berserker
    87 | D        | Killed a lost soul
    89 | D        | Killed a lost soul
    90 | D        | Killed a meat beast
    91 | D        | Noticed a meat berserker
    91 | D        | Noticed a tyrant
    92 | D        | Noticed a bag of meat
    92 | D        | Killed a lost soul
    92 | D        | Killed a meat berserker
    93 | D        | Noticed an observer
    94 | D        | Killed a dread
    94 | D        | Reached XP level 27. HP: 218/298 MP: 22/49
    95 | D        | Noticed a bag of meat
    95 | D        | Noticed an observer
    96 | D        | Noticed a bag of meat
    97 | D        | Killed a meat berserker
    98 | D        | Killed an observer
    99 | D        | Killed a tyrant
   100 | D        | Noticed The Defiler
   101 | D        | Killed a bag of meat
   101 | D        | Killed an observer
   103 | D        | Noticed an observer
   104 | D        | Noticed a lost soul
   110 | D        | Killed an observer
   111 | D        | Noticed an accursed
   111 | D        | Killed a bag of meat
   112 | D        | Noticed a destroyer
   113 | D        | Noticed a dread
   113 | D        | Killed a dread
   116 | D        | Killed a lost soul
   118 | D        | Killed a destroyer
   121 | D        | Killed an accursed
   122 | D        | Noticed an observer
   122 | D        | Noticed an observer
   124 | D        | Noticed a fleshlord
   124 | D        | Noticed a bag of meat
   124 | D        | Noticed an accursed
   124 | D        | Noticed a bag of meat
   124 | D        | Noticed a bag of meat
   124 | D        | Noticed a sculptor of flesh
   124 | D        | Noticed an observer
   124 | D        | Noticed a fleshlord
   125 | D        | Noticed a dread
   125 | D        | Noticed a dread
   126 | D        | Noticed a fleshlord
   128 | D        | Noticed an observer
   128 | D        | Annihilated by a reaper

Action                   |  1- 3 |  4- 6 |  7- 9 | 10-12 | 13-15 | 16-18 | 19-21 | 22-24 | 25-27 || total
-------------------------+-------+-------+-------+-------+-------+-------+-------+-------+-------++-------
Melee: Executioner's axe |     1 |       |       |     1 |     5 |    10 |     8 |    14 |    29 ||    68
 Cast: Apportation       |       |       |       |       |       |       |       |       |     1 ||     1
 Stab: Distracted        |       |       |       |       |       |       |       |     1 |       ||     1
